Map: Lost and Found LE

Players

SpeCial - Winner!

  • Race: Terran Terran
  • Spawn Location: 7:00

Classic

  • Race: Protoss Protoss
  • Spawn Location: 1:00

Event: 2018 WCS Global Finals

VOD

Have the link to the VOD?

Description

Time

  • Played on: Oct. 28, 2018, 6:29 p.m.
  • Length: 27:37

All games in this series

Show
View Real Time Build Order
Export as new Build Order

SpeCial Terran - Winner!

Build Orders: Cyclone Opening 

Get SALT Encoding   

  12  0:00  SCV  
  13  0:13  SCV  
  14  0:18  Supply Depot  
  14  0:25  SCV  
  15  0:39  SCV  
  15  0:42  Barracks  
  16  0:45  Refinery  
  16  0:51  SCV  
  17  0:57  Refinery  
  17  1:03  SCV  
  18  1:16  SCV  
  19  1:28  Reaper  
  19  1:29  Orbital Command  
  20  1:40  Supply Depot  
  20  1:46  Factory  
  20  1:50  Bunker  
  20  1:55  SCV  
  21  2:07  SCV  
  22  2:19  SCV  
  23  2:29  Command Center  
  23  2:32  Widow Mine  
  25  2:39  Supply Depot, SCV  
  26  2:48  Starport  
  26  2:52  SCV  
  26  2:56  Cyclone  
  30  3:04  SCV  
  31  3:16  SCV  
  32  3:22  Supply Depot  
  31  3:28  SCV  
  31  3:29  Viking  
  34  3:34  Barracks Reactor  
  34  3:35  Cyclone  
  34  3:40  SCV  
  38  3:42  Orbital Command  
  38  3:52  SCV  
  39  4:02  Orbital Command  
  39  4:03  Starport Tech Lab  
  39  4:04  SCV  
  40  4:12  Marine x2  
  40  4:16  SCV  
  43  4:24  Raven  
  42  4:27  SCV  
  42  4:28  Barracks, SCV  
  46  4:33  Marine, Barracks  
  46  4:34  Marine  
  46  4:36  Factory Tech Lab  
  47  4:40  SCV x2  
  49  4:51  Marine x2  
  49  4:52  SCV  
  52  4:53  SCV  
  52  4:56  Siege Tank  
  52  4:58  Supply Depot  
  56  5:04  SCV  
  56  5:05  SCV  
  57  5:16  SCV  
  57  5:17  SCV  
  59  5:22  Supply Depot, Refinery  
  59  5:23  Marine x2, Starport Reactor  
  59  5:24  Marine, Engineering Bay  
  59  5:26  Stimpack  
  59  5:28  SCV  
  63  5:29  SCV  
  60  5:38  Combat Shield  
  60  5:39  Marine  
  60  5:40  SCV  
  60  5:41  Marine, SCV  
  64  5:43  Marine x2  
  64  5:45  Factory Reactor  
  66  5:50  Terran Infantry Weapons Level 1, Supply Depot  
  66  5:52  SCV  
  66  5:56  Marine, Refinery  
  68  5:57  SCV  
  68  6:00  Medivac  
  68  6:04  Missile Turret, SCV  
  71  6:05  Marine x2  
  74  6:11  SCV  
  74  6:13  Supply Depot  
  74  6:14  Medivac, Supply Depot  
  74  6:16  SCV  
  74  6:18  Marauder  
  80  6:20  Marauder  
  80  6:24  Supply Depot  
  82  6:26  Widow Mine x2  
  86  6:35  Marine x2, SCV  
  89  6:42  Marauder x2  
  93  6:47  Widow Mine  
  93  6:49  Command Center, Medivac x2  
  93  6:53  Widow Mine  
  100  6:55  SCV  
  100  7:03  SCV  
  100  7:06  Liberator  
  100  7:07  SCV  
  99  7:11  Marine x2  
  99  7:13  Marauder x2  
  105  7:17  SCV  
  105  7:20  SCV  
  105  7:26  Concussive Shells  
  105  7:27  Liberator  
  105  7:29  SCV  
  109  7:34  Marauder  
  109  7:36  Marine x2  
  109  7:41  Barracks  
  109  7:42  Marauder  
  109  7:43  Barracks  
  112  7:54  Marine x2  
  112  7:55  Marauder  
  112  7:56  SCV x2  
  118  8:01  Widow Mine x2  
  118  8:04  Marauder, Orbital Command  
  124  8:10  SCV  
  124  8:11  Marine  
  124  8:12  Marine  
  115  8:15  SCV  
  115  8:17  Marauder, Terran Infantry Armor Level 1  
  108  8:24  Marine, SCV  
  105  8:27  SCV  
  105  8:29  Marine x2  
  103  8:36  SCV  
  103  8:38  Marauder  
  103  8:39  Barracks Tech Lab  
  103  8:40  SCV  
  107  8:41  SCV  
  107  8:43  Marauder  
  108  8:48  SCV  
  108  8:52  Marine x2, SCV  
  108  8:54  SCV  
  113  8:57  Refinery  
  113  8:59  Marauder, Factory  
  113  9:01  SCV  
  113  9:02  Refinery  
  116  9:03  Factory Tech Lab  
  116  9:04  SCV  
  116  9:05  Marine  
  116  9:08  SCV  
  119  9:13  SCV  
  119  9:14  Marine x3  
  119  9:15  Marauder, Marine  
  126  9:17  Sensor Tower  
  126  9:21  Marauder  
  126  9:22  Siege Tank  
  130  9:38  Engineering Bay  
  130  9:40  Marine x3, Armory, Command Center  
  130  9:43  Marauder  
  132  9:48  Liberator  
  132  9:49  Factory Tech Lab  
  133  9:53  Marauder x2  
  133  10:02  Marine  
  133  10:03  Siege Tank  
  133  10:04  Medivac  
  133  10:05  Marauder  
  132  10:08  Marine  
  132  10:10  Marine  
  133  10:23  Supply Depot  
  133  10:28  Marauder, Supply Depot x2  
  133  10:35  Marauder, SCV x3, Siege Tank  
  141  10:36  Terran Infantry Weapons Level 2, Supply Depot x2  
  141  10:37  Terran Infantry Armor Level 2  
  141  10:40  Missile Turret  
  141  10:45  Marauder, Marine x2, Siege Tank  
  141  10:46  Medivac  
  141  10:49  Medivac  
  150  10:55  SCV x2  
  152  10:57  Marauder, Marine  
  155  11:05  Marauder, Marine x3  
  155  11:07  Siege Tank  
  155  11:09  Terran Vehicle Weapons Level 1  
  163  11:17  Siege Tank  
  166  11:20  SCV x2  
  166  11:22  Marine x2  
  166  11:23  Marine, Supply Depot  
  166  11:24  Supply Depot  
  169  11:28  Medivac x2  
  169  11:29  Marine  
  169  11:30  Marauder, Marine  
  176  11:41  Marine x3  
  176  11:43  Barracks  
  176  11:44  Barracks  
  179  11:47  Planetary Fortress  
  179  11:48  SCV x3  
  179  11:49  Refinery x2  
  179  11:50  Marine, Barracks  
  179  11:51  Marauder  
  179  11:52  Marine  
  186  11:55  Marauder  
  186  12:00  SCV  
  183  12:03  Marauder, Marine  
  183  12:09  Medivac x2  
  183  12:10  Marine x2  
  183  12:11  Marine  
  183  12:12  Marauder  
  189  12:16  Marine  
  189  12:20  Siege Tank x2  
  189  12:21  Marine  
  197  12:25  Marauder  
  197  12:28  Marine  
  197  12:29  Marine  
  198  12:30  Marine  
  198  12:36  Barracks Reactor  
  197  12:40  Barracks Reactor, Barracks Tech Lab  
  195  12:46  Marauder  
  190  12:52  Siege Tank  
  190  12:57  Marauder, Marine x2, Siege Tank  
  166  12:59  Medivac x2  
  166  13:03  Command Center, Terran Vehicle And Ship Armor Level 1  
  166  13:04  Marauder, Marine  
  166  13:05  Marine  
  153  13:06  Marauder  
  153  13:11  Marauder  
  150  13:14  Marine  
  150  13:18  Marine  
  150  13:19  Marauder  
  152  13:24  Siege Tank  
  152  13:26  Marauder  
  152  13:27  Marauder, Marine  
  146  13:29  Siege Tank  
  144  13:34  Marine  
  144  13:35  Marauder  
  144  13:36  Marine  
  144  13:40  Marauder  
  144  13:41  Marine  
  149  13:43  Marine  
  149  13:47  Marauder  
  151  13:48  Marauder  
  151  13:54  Marine x2  
  146  13:56  Marauder, Siege Tank  
  146  14:01  Siege Tank  
  146  14:02  Marauder, Marine  
  154  14:03  Marine  
  154  14:08  Marine  
  154  14:09  Marauder  
  150  14:11  Orbital Command  
  150  14:16  Marauder, Marine  
  134  14:24  Marine  
  134  14:25  Marauder  
  134  14:28  Siege Tank  
  135  14:33  Siege Tank  
  135  14:35  Planetary Fortress  
  138  14:41  Marine x2  
  138  14:42  Marauder  
  142  14:49  Marine, Sensor Tower  
  143  14:54  SCV x3  
  143  14:55  Marine  
  143  14:59  Marine x2  
  149  15:00  Siege Tank  
  149  15:01  Marine x2  
  149  15:03  Medivac  
  149  15:05  Siege Tank  
  149  15:06  SCV  
  160  15:08  Terran Infantry Weapons Level 3  
  160  15:16  Marine x2  
  160  15:17  Marauder, Marine x3  
  167  15:24  Marine x4  
  167  15:26  SCV  
  172  15:32  Siege Tank  
  172  15:33  Ghost Academy  
  175  15:36  Marine  
  175  15:37  Marauder, Marine, Siege Tank  
  175  15:40  Missile Turret  
  182  15:45  Refinery  
  182  15:46  Refinery  
  182  15:47  Marauder, Marine x2  
  182  15:49  Marine  
  186  15:55  Marine  
  186  15:56  Marauder  
  155  16:04  Siege Tank  
  155  16:08  Marauder, Marine  
  155  16:09  Siege Tank  
  155  16:10  SCV x2  
  139  16:12  Marine x2  
  139  16:13  Marauder, SCV  
  142  16:22  SCV  
  142  16:23  Marine x2  
  142  16:24  Marauder  
  140  16:26  Marine  
  140  16:27  Marauder  
  140  16:28  Medivac  
  140  16:32  Marauder, Marine  
  148  16:37  Siege Tank  
  148  16:38  SCV x3  
  154  16:40  Marauder, Marine x2  
  154  16:41  Siege Tank  
  154  16:45  Marauder  
  163  16:50  SCV x3  
  166  16:54  Marine  
  166  16:57  Supply Depot  
  166  17:00  Marauder  
  169  17:02  SCV x2  
  168  17:09  Siege Tank  
  168  17:11  Marauder, Marine x3  
  168  17:13  Siege Tank  
  168  17:14  Medivac  
  168  17:15  Medivac  
  181  17:30  Ghost  
  181  17:34  Marine  
  184  17:41  Marine, Siege Tank  
  184  17:42  Marauder  
  165  17:45  Siege Tank  
  165  17:46  Marine  
  165  17:48  Medivac  
  165  17:49  Marine x2  
  136  17:52  Marine  
  136  17:54  Marine  
  136  17:58  Marine x2  
  118  18:02  Marine  
  118  18:03  Marine x4  
  118  18:12  Marine  
  113  18:13  Marine x4, Siege Tank  
  113  18:15  Marine x2  
  113  18:16  SCV  
  113  18:17  Refinery  
  113  18:18  Siege Tank  
  129  18:20  Marine x2  
  129  18:21  Marauder x2  
  129  18:26  Marauder  
  135  18:30  Marine x4  
  135  18:32  Marine, Liberator, Refinery  
  139  18:36  Marine x2  
  139  18:39  Missile Turret, Marauder  
  139  18:40  Command Center  
  139  18:41  Ghost, Marine  
  143  18:42  Marauder  
  143  18:44  Liberator  
  143  18:47  Marauder  
  143  18:48  Marine x2  
  154  18:59  Ghost  
  154  19:01  Marine  
  159  19:03  Ghost  
  159  19:04  Supply Depot  
  159  19:06  Marine  
  159  19:07  Marine x3  
  159  19:08  Siege Tank  
  159  19:09  Marauder  
  170  19:12  Marine x2  
  170  19:16  Marauder, Marine  
  174  19:19  Marine  
  175  19:30  Marauder, Marine  
  177  19:32  Ghost x2, Marine  
  177  19:35  Marine, Liberator  
  177  19:38  Marauder  
  185  19:40  Siege Tank  
  184  19:48  Marine, Command Center  
  184  19:52  Marauder  
  189  19:59  Marauder, Marine  
  191  20:00  Marine  
  191  20:01  Marauder  
  191  20:02  Marine  
  189  20:09  Terran Infantry Armor Level 3  
  186  20:15  Marauder, Marine  
  179  20:27  Siege Tank x2  
  185  20:32  Marine  
  185  20:33  Marauder  
  185  20:38  Marauder, Marine x2, Liberator  
  189  20:46  Marauder, Marine x2  
  196  20:57  Marine  
  196  20:58  Marauder  
  174  21:05  Liberator  
  174  21:06  Marine x2  
  174  21:07  Marauder  
  174  21:09  Siege Tank  
  177  21:13  Marauder, Marine  
  179  21:31  Marauder, Marine x2  
  179  21:34  Marine  
  179  21:38  Medivac  
  182  21:47  Marauder, Marine  
  182  21:48  Liberator  
  182  21:51  Marine  
  182  21:52  Marine  
  182  21:53  Liberator  
  179  21:55  Marine  
  179  21:56  Marauder  
  179  21:59  Marauder  
  184  22:04  Marauder, Marine  
  190  22:12  Marine  
  190  22:23  Marauder, Marine  
  191  22:31  Liberator  
  191  22:34  Marauder, Marine x2  
  191  22:36  Siege Tank  
  193  22:50  Marine  
  193  22:51  Marauder  
  145  22:53  Siege Tank  
  145  22:56  Marine  
  145  22:57  Marauder, Marine  
  145  22:58  Medivac  
  132  23:04  Marine  
  132  23:05  Marauder  
  117  23:08  Planetary Fortress  
  117  23:13  Siege Tank  
  117  23:15  Marauder, Marine x5  
  117  23:16  Marine  
  117  23:18  Marine  
  129  23:23  SCV x3  
  129  23:26  Marauder  
  134  23:30  Medivac  
  138  23:34  Marauder, Marine  
  138  23:35  Marine  
  138  23:36  Marine  
  138  23:40  Ghost  
  143  23:43  Marine  
  143  23:44  Ghost  
  146  23:49  Siege Tank  
  149  24:01  Marine  
  149  24:02  Marauder  
  147  24:06  Medivac x2  
  147  24:09  Marauder, Marine  
  154  24:14  Marine  
  154  24:15  Marauder  
  154  24:17  Marauder, Marine x2  
  154  24:26  Ghost  
  154  24:28  Marine  
  154  24:30  Ghost, Marine  
  160  24:33  Marine  
  160  24:38  Sensor Tower  
  161  24:39  Orbital Command  
  161  24:46  Ghost, Marine  
  161  24:47  Marine  
  161  24:48  Marine  
  166  24:54  SCV x2  
  168  25:00  Ghost  
  168  25:03  Marine  
  168  25:06  SCV  
  172  25:10  Marauder  
  172  25:11  Marine  
  175  25:16  Marauder  
  175  25:17  Marine  
  175  25:18  Marine  
  178  25:23  Marine x3  
  177  25:34  Marine x4  
  177  25:35  Marine  
  182  25:43  Marauder, Marine  
  182  25:44  Siege Tank  
  182  25:46  Marine  
  182  25:49  Marauder  
  171  26:08  Orbital Command  
  161  26:17  Missile Turret  
  150  26:29  Orbital Command  
  150  26:48  Starport Tech Lab  
  150  26:51  Command Center  
  150  26:58  Missile Turret  
Show
View Real Time Build Order
Export as new Build Order

Classic Protoss 

Build Orders: Oracle Opening 

Get SALT Encoding   

  12  0:00  Probe  
  13  0:12  Probe  
  14  0:17  Pylon  
  14  0:24  Probe  
  15  0:32  Probe  
  15  0:37  Gateway  
  15  0:40  Probe  
  16  0:47  Assimilator  
  17  0:50  Probe  
  18  0:58  Probe  
  18  1:04  Assimilator  
  19  1:06  Probe  
  20  1:12  Pylon  
  20  1:17  Probe  
  20  1:24  Cybernetics Core  
  21  1:29  Probe  
  21  1:31  Zealot  
  24  1:41  Probe  
  25  1:53  Probe  
  26  1:54  Adept  
  28  2:05  Stargate  
  28  2:19  Pylon  
  28  2:20  Stalker  
  30  2:27  Warp Gate  
  30  2:42  Oracle  
  34  2:54  Nexus  
  33  3:02  Probe  
  33  3:13  Pylon  
  33  3:14  Probe  
  33  3:18  Oracle  
  37  3:28  Probe  
  38  3:34  Robotics Facility  
  38  3:40  Probe  
  39  3:42  Gateway  
  39  3:52  Probe  
  40  4:03  Probe, Phoenix  
  40  4:04  Probe  
  44  4:11  Probe  
  44  4:12  Probe  
  46  4:19  Probe  
  46  4:20  Probe  
  46  4:23  Immortal  
  51  4:31  Probe  
  52  4:33  Probe  
  52  4:36  Stalker  
  56  4:43  Probe, Pylon  
  56  4:45  Probe, Stalker  
  60  4:54  Assimilator  
  60  4:55  Pylon  
  60  4:56  Assimilator  
  60  4:59  Probe x2  
  62  5:02  Observer  
  63  5:10  Twilight Council  
  63  5:11  Probe x2  
  65  5:18  Forge  
  65  5:23  Probe  
  65  5:24  Blink  
  67  5:31  Protoss Ground Weapons Level 1  
  67  5:38  Nexus  
  67  5:40  Probe x2  
  67  5:41  Pylon  
  67  5:42  Sentry  
  70  5:52  Probe x2  
  72  6:00  Gateway  
  72  6:02  Gateway  
  72  6:06  Gateway  
  72  6:10  Gateway  
  72  6:13  Probe x2  
  72  6:17  Gateway  
  74  6:22  Sentry x2  
  78  6:26  Probe x2  
  78  6:30  Immortal  
  78  6:32  Pylon  
  84  6:43  Observer, Probe x2  
  84  6:44  Pylon  
  86  6:57  Sentry x2, Stalker  
  90  7:11  Stalker x3  
  94  7:17  Stalker  
  94  7:21  Stalker x2  
  94  7:22  Stalker  
  102  7:36  Stalker x3  
  102  7:40  Pylon  
  102  7:41  Immortal  
  103  7:54  Stalker x2  
  103  7:55  Stalker x2  
  103  7:57  Pylon  
  111  8:00  Zealot, Stalker x2  
  109  8:15  Charge, Probe x3  
  109  8:19  Pylon  
  108  8:23  Warp Prism  
  108  8:27  Probe x3  
  108  8:30  Assimilator  
  109  8:34  Assimilator  
  109  8:39  Probe x3  
  109  8:41  Stalker x3  
  118  8:44  Stalker  
  120  8:51  Probe x2  
  120  8:52  Probe  
  123  8:56  Pylon  
  123  8:57  Pylon  
  123  8:58  Pylon  
  123  9:03  Robotics Facility  
  123  9:05  Stalker  
  123  9:09  Zealot x3  
  131  9:11  Zealot  
  131  9:14  Observer  
  134  9:24  Robotics Bay  
  134  9:27  Forge  
  134  9:29  Stalker  
  134  9:30  Stalker  
  138  9:33  Stalker  
  138  9:35  Stalker  
  140  9:45  Protoss Ground Weapons Level 2  
  140  9:48  Nexus  
  140  9:51  Sentry x2  
  144  9:59  Forge  
  144  10:07  Pylon  
  144  10:13  Warp Prism  
  144  10:15  Disruptor  
  144  10:18  Templar Archives  
  144  10:19  Probe x3  
  144  10:20  Pylon  
  137  10:21  Pylon  
  137  10:22  Protoss Ground Armor Level 1  
  137  10:23  Pylon  
  142  10:35  Probe x3  
  145  10:44  Disruptor x2  
  145  10:46  Psionic Storm  
  143  10:52  Nexus  
  149  11:10  High Templar x2  
  151  11:11  Zealot x5  
  156  11:24  Photon Cannon  
  156  11:30  Probe x3  
  156  11:31  Probe  
  156  11:32  Pylon, Immortal  
  160  11:33  Immortal  
  160  11:36  Zealot x3  
  160  11:37  Pylon, Zealot  
  168  11:45  High Templar x2  
  178  11:54  Stalker  
  178  12:02  Stalker  
  178  12:03  Stalker x2  
  178  12:05  Protoss Ground Weapons Level 3  
  180  12:10  Protoss Ground Armor Level 2  
  180  12:11  Zealot  
  180  12:21  Zealot x3  
  186  12:28  Fleet Beacon  
  180  12:37  Zealot x4  
  174  12:42  Probe x5  
  174  12:43  Zealot x3  
  147  13:00  Zealot x4  
  147  13:04  Immortal x2  
  131  13:11  Zealot x7  
  137  13:31  Zealot x2  
  137  13:33  Zealot x5  
  145  13:53  Zealot x3  
  145  13:54  Zealot x4  
  153  14:13  Immortal x2  
  155  14:18  Stalker x5  
  161  14:30  Protoss Ground Armor Level 3, Probe x4  
  155  14:32  High Templar x2  
  163  14:38  Probe x3  
  163  14:39  Probe  
  163  14:42  Protoss Shields Level 1  
  167  14:53  High Templar x2  
  167  14:54  High Templar x2  
  167  14:55  Assimilator  
  175  15:00  Assimilator  
  175  15:05  Observer  
  175  15:11  Zealot x2  
  177  15:27  Observer x2  
  178  15:31  Gravitic Drive  
  177  15:40  Nexus, Pylon  
  177  15:41  Pylon  
  177  15:43  Pylon  
  177  15:44  Photon Cannon, Pylon  
  177  15:45  Photon Cannon  
  177  15:47  Pylon  
  165  16:01  Zealot x6  
  165  16:02  Zealot  
  86  16:23  Immortal x2  
  85  16:26  Stalker x4  
  85  16:28  High Templar x3  
  96  16:34  Probe x2  
  96  16:50  High Templar  
  96  16:51  High Templar  
  96  16:52  High Templar x2  
  104  17:00  Archon  
  104  17:01  Zealot x3  
  104  17:07  Probe  
  104  17:08  Probe x4  
  115  17:19  Probe  
  115  17:20  Probe x4  
  120  17:27  High Templar x2  
  120  17:28  High Templar, Pylon  
  126  17:32  Zealot  
  126  17:33  High Templar  
  126  17:34  Archon  
  130  17:38  Zealot x2  
  92  17:58  Zealot x2  
  76  17:59  Zealot  
  76  18:00  High Templar  
  76  18:01  Zealot x2  
  76  18:02  Archon  
  76  18:04  Probe  
  77  18:06  Stalker x4  
  77  18:07  Zealot x2  
  77  18:08  Probe  
  89  18:16  Probe  
  89  18:17  Probe x2  
  89  18:18  Probe  
  91  18:20  Probe  
  91  18:25  Probe x3  
  91  18:26  Probe  
  94  18:28  Probe  
  94  18:32  High Templar  
  101  18:34  Probe x2  
  101  18:35  Probe  
  104  18:43  High Templar  
  106  18:48  Zealot x4  
  106  18:54  Assimilator x2  
  114  19:01  Probe x4  
  114  19:02  Probe  
  119  19:03  High Templar  
  121  19:14  Adept x2  
  121  19:16  Adept x2  
  129  19:24  Zealot, Stalker  
  131  19:30  Pylon  
  133  19:51  High Templar x2, Zealot x4  
  133  19:52  Zealot  
  145  20:07  Immortal x2  
  145  20:09  Gateway  
  145  20:12  Gateway  
  140  20:24  Stalker x3  
  140  20:27  Stalker x4  
  144  20:49  Zealot x3  
  150  20:50  Sentry, Zealot x3  
  148  21:10  Stalker x4  
  145  21:12  Probe x4  
  148  21:20  High Templar x2  
  150  21:34  Zealot x5  
  150  21:39  Zealot  
  154  21:56  Zealot x6  
  154  21:57  Zealot  
  154  22:00  Zealot  
  170  22:06  Probe x5  
  175  22:18  Probe x2  
  175  22:20  Archon  
  175  22:22  High Templar  
  175  22:23  High Templar  
  175  22:24  Zealot x5  
  175  22:28  Zealot x2  
  178  22:51  Zealot x7  
  132  22:55  Zealot x2  
  82  23:13  Zealot x7  
  82  23:15  Immortal  
  82  23:17  Zealot x2, Immortal  
  108  23:34  Dark Shrine  
  108  23:39  High Templar x2  
  112  23:42  Probe x3  
  112  23:43  Probe  
  112  23:44  Probe  
  117  23:55  Stalker x3  
  102  24:04  Stalker  
  97  24:17  High Templar, Warp Prism  
  101  24:31  High Templar  
  101  24:32  High Templar, Zealot x2  
  109  24:44  Zealot  
  109  24:45  Zealot x2  
  108  24:53  Stalker  
  110  25:08  Stalker  
  110  25:09  Stalker  
  112  25:21  Stalker  
  114  25:34  Sentry x2  
  118  25:36  Zealot x2  
  118  25:37  Dark Templar  
  118  25:38  Zealot  
  101  26:07  Nexus  
  81  26:39  Pylon  
  78  27:04  Dark Templar  
  54  27:24  Zealot x7  
  54  27:25  Archon x2  
Tags
 
Add a new tag
Caveats
  • Supply blocks, unpowered buildings, or Contaminate may cause inaccurate times.
  • Supply counts are checked every 10 seconds.